AoeStats
← Pixelfudger

African Clearing

503799011Analyzed
2v2 RM · 29d ago on Sep 2, 2026· 61m 48s· 4 players
Game mode
Random Map
Map size
Medium (4 player)
Population
200
Speed
Normal
Resources
Standard
Victory
Conquest
Starting age
Dark Age
Ending age
Imperial Age
RankedLock teamsTeams togetherTeam positionsShared explorationLock speedFull tech treeHidden civsTurbo modeCheats
Victory
Defeat
🇰🇿 Mongols · Kazakhstan
1192
+13
🇨🇳 Japanese · China
1071
+18
🇦🇺 Slavs · Australia
1134
-16
🇦🇺 Maya · Australia
1115
-15
Pixelfudger
4:32 Loom
16:37 Feudal Age
20:26 Fletching
21:59 Double-Bit Axe
21:56 Horse Collar
27:57 Castle Age
48:58 Crossbowman
52:30 Padded Archer Armor
55:04 Bodkin Arrow
55:25 Bow Saw
59:43 Ballistics
Gavinci
10:06 Loom
14:11 Feudal Age
18:51 Castle Age
19:41 Scale Barding Armor
20:04 Forging
20:16 Horse Collar
21:59 Bloodlines
21:54 Husbandry
23:08 Bloodlines
25:18 Chain Barding Armor
26:57 Iron Casting
30:32 Gold Mining
32:26 Man-at-Arms
33:06 Squires
39:58 Long Swordsman
43:32 Detinets
45:01 Wheelbarrow
45:09 Fletching
45:20 Padded Archer Armor
45:39 Elite Skirmisher
46:12 Double-Bit Axe
48:56 Bodkin Arrow
52:08 Ballistics
1830551726
13:52 Feudal Age
16:07 Double-Bit Axe
20:39 Castle Age
19:25 Fishing Lines
22:35 Bow Saw
22:06 Horse Collar
22:20 Gillnets
24:49 Squires
25:48 Forging
25:41 Loom
27:34 Iron Casting
27:59 Arson
28:18 Scale Mail Armor
29:10 Wheelbarrow
30:20 Treadmill Crane
32:10 Masonry
32:06 Gillnets
33:33 Heavy Plow
36:58 Imperial Age
35:01 Gold Mining
36:58 Elite Samurai
37:21 Capped Ram
43:29 Chain Mail Armor
48:27 Conscription
52:36 Yasama
53:12 Hoardings
53:22 Hoardings
54:16 Loom
54:47 Hand Cart
56:06 Kataparuto
56:10 Town Watch
58:20 Gold Shaft Mining
57:37 Stone Mining
57:59 Town Patrol
60:27 Blast Furnace
59:58 Plate Mail Armor
nurlan-c
3:59 Loom
13:55 Feudal Age
15:27 Wheelbarrow
14:14 Man-at-Arms
15:22 Arson
15:43 Scale Mail Armor
15:46 Town Watch
16:35 Forging
21:30 Castle Age
19:42 Double-Bit Axe
20:44 Fletching
25:56 Bow Saw
25:53 Bodkin Arrow
25:59 Padded Archer Armor
30:37 Thumb Ring
31:35 Leather Archer Armor
36:32 Husbandry
36:43 Bloodlines
41:08 Hand Cart
42:38 Ballistics
46:26 Horse Collar
52:50 Imperial Age
51:53 Stone Mining
51:54 Gold Mining
53:17 Stone Shaft Mining
52:52 Murder Holes
53:08 Masonry
53:36 Heavy Plow
54:05 Conscription
53:07 Elite Mangudai
54:32 Bracer
56:20 Parthian Tactics
57:00 Chemistry
56:24 Capped Ram
59:46 Scale Barding Armor
60:17 Town Patrol
Connection lost

Rejoining the realm…

Still unreachable

The connection could not be restored.

Session expired

The server has moved on; the page needs a fresh start.